Unix NetHack Version 5.0.0-0 post-release - last build May 17 2026 04:57:42 (dc50c8380fa5e20985bfe3072449f57b8d9895ef,branch:main).

Game began 2026-05-18 00:15:52, ended 2026-05-18 00:22:35.

ArrBianca, lawful female dwarven Archeologist

                                            --------------
                                            |............|
                                            |............|
                                            |.............##
                                            |............| #####@# -------
                                            ------------|-       #.@[!*?)|
                                                        #          .((%![|
                                                #########            !!?%|
                                              ###                     %??|
                                              #                        (=|
                                         -----.----                      |
                                         |........|
                                         |.....<..|
                                         .........|
                                         ----------

ArrBianca the Field Worker  St:17 Dx:9 Co:11 In:16 Wi:14 Ch:10  Lawful
Dlvl:3  $:0  HP:0(23) Pw:11(11) AC:9  Xp:3 T:1059 

Latest messages:
 The goblin throws a crude dagger!
 You are hit by a crude dagger.
 The goblin hits!
 You kill the goblin!
 You miss the gecko.
 You kill the gecko!
 You kill the bat!
 You see here a bat corpse.
 There is a bat corpse here; eat it? [ynq] (n) y
 This bat corpse tastes okay.
 You finish eating the bat corpse.
 The bat bites!
 The bat bites!
 You kill the bat!
 Welcome to experience level 3.
 You try to move the boulder, but in vain.
 You feel a bit steadier now.
 There's some graffiti on the floor here.
 You read: "A b indfold can |e verv usef l if you'?e te??p??hic."
 You descend the stairs.
 You kill the coyote!
 You find a hidden door.
 The door opens.
 Something is written here in the dust.
 You read: "Closed for inventory".
 This door is locked.
 This door is locked.
 This door is locked.
 This door is locked.
 This door is locked.
 This door is locked.
 This door is locked.
 This door is locked.
 In what direction? l
 As you kick the door, it crashes open!
 Angmagssalik appears next to you!
 "How dare you break my door?"
 Angmagssalik zaps a brass wand!
 The wand misses you.
 Angmagssalik zaps a brass wand!
 The wand hits you!
 What do you want to throw? [$k or ?*] $
 In what direction? n
 Angmagssalik catches the gold.
 "Thanks, scum!"
 Angmagssalik zaps a wand of striking!
 The wand hits you!
 You die...
 Angmagssalik takes all your possessions.
 Do you want an account of creatures vanquished? [ynaq] (y) q

Inventory:
 Weapons  (')')
  k - 10 +0 darts
  a - a +2 bullwhip (weapon in left hand)
 Armor    ('[')
  c - an uncursed +0 fedora (being worn)
  b - an uncursed +0 leather jacket (being worn)
 Comestibles  ('%')
  d - 2 uncursed food rations
  r - an uncursed lichen corpse
 Scrolls  ('?')
  m - an uncursed scroll of identify
 Potions  ('!')
  q - an uncursed potion of gain energy
 Wands    ('/')
  n - a wand of slow monster (0:7)
 Tools    ('(')
  h - an empty uncursed sack
  e - a +0 pick-axe (alternate weapon; not wielded)
  i - an uncursed tin opener
  f - a tinning kit (0:43)
 Gems/Stones  ('*')
  g - an uncursed touchstone

ArrBianca the Archeologist's attributes:

Background:
 You were a Field Worker, a level 3 female dwarven Archeologist.
 You were lawful, on a mission for Quetzalcoatl
 who was opposed by Camaxtli (neutral) and Huhetotl (chaotic).
 You were left-handed.
 You were in the Dungeons of Doom, on level 3.
 You entered the dungeon 1059 turns ago.
 It was the midnight hour.
 There was a new moon in effect when your adventure ended.
 You had 47 experience points, 33 more were needed to attain level 4.

Basics:
 You had 0 out of 23 hit points.
 You had all 11 energy points (spell power).
 Your armor class was 9.
 Your wallet was empty.
 Autopickup was on for '$?!/="+%' plus thrown, with exceptions.

Final Characteristics:
 Your strength was 17 (limit:18/100).
 Your dexterity was 9 (limit:20).
 Your constitution was 11 (limit:20).
 Your intelligence was 16 (limit:16).
 Your wisdom was 14 (limit:16).
 Your charisma was 10 (limit:16).

Final Status:
 You weren't hungry.
 You were unencumbered.
 You were wielding a whip.
 You had basic skill with whip.

Final Attributes:
 You were devoutly aligned.
 You had automatic searching.
 You had infravision.
 You were lucky.
 You are dead.

Miscellaneous:
 You didn't encounter any bones levels.
 Total elapsed playing time was 6 minutes and 43 seconds.

Major events:
 Turn
    1: ArrBianca the lawful female dwarven Archeologist entered the dungeon
  978: attained the rank of Field Worker (level 3)
 1059: killed by a wand

You didn't know any spells.

Skills:
 Fighting Skills
   bare handed combat [Unskilled]
   two weapon combat  [Unskilled]
   riding             [Unskilled]
 Weapon Skills
   dagger             [Unskilled]
   knife              [Unskilled]
   pick-axe           [Basic]
   short sword        [Unskilled]
   saber              [Unskilled]
   club               [Unskilled]
   quarterstaff       [Unskilled]
   sling              [Unskilled]
   dart               [Unskilled]
   boomerang          [Unskilled]
   whip               [Basic]
   unicorn horn       [Unskilled]
 Spellcasting Skills
   attack spells      [Unskilled]
   healing spells     [Unskilled]
   divination spells  [Unskilled]
   matter spells      [Unskilled]

Voluntary challenges:
 Character rerolling was not enabled.
 You never genocided any monsters.
 You never polymorphed an object.
 You never changed form.
 You used no wishes.
Achievement:
 You attained the rank of Field Worker.

 The Dungeons of Doom: levels 1 to 3
    Level 1:
       Some fountains.
    Level 2:
       An altar, some fountains.
    Level 3: <- You were here.
       Final resting place for
          you, killed by a wand.


Vanquished creatures:
  a coyote
  a gecko
  3 jackals
  a kobold
  2 goblins
  2 grid bugs
  2 bats
  a lichen
  7 newts
20 creatures vanquished.

No species were genocided or became extinct.

Game over:
                       ----------
                      /          \
                     /    REST    \
                    /      IN      \
                   /     PEACE      \
                  /                  \
                  |    ArrBianca     |
                  |       0 Au       |
                  | killed by a wand |
                  |                  |
                  |                  |
                  |                  |
                  |       2026       |
                 *|     *  *  *      | *
        _________)/\\_//(\/(/\)/\//\/|_)_______

Goodbye ArrBianca the Archeologist...

You died in The Dungeons of Doom on dungeon level 3 with 288 points,
and 0 pieces of gold, after 1059 moves.
You were level 3 with a maximum of 23 hit points when you died.

